AoeStats
← Душан Силни

Black Forest

510627992Analyzed
3v3 RM · 2d ago on Oct 1, 2026· 12m 13s· 6 players
Game mode
Random Map
Map size
Normal (6 player)
Population
200
Speed
Normal
Resources
Standard
Victory
Conquest
Starting age
Dark Age
Ending age
Imperial Age
RankedLock teamsTeams togetherTeam positionsShared explorationLock speedFull tech treeHidden civsTurbo modeCheats
Victory
Defeat
🇯🇴 Persians · Jordan
723
+14
🇷🇸 Huns · Serbia
700
+15
🇵🇱 Khmer · Poland
660
+17
🇺🇸 Japanese · United States
743
-18
🇷🇺 Spanish · Russia
656
-14
650
-14
Душан Силни
0:40 Loom
SkaZaNy1906
0:26 Loom
12:57 Feudal Age
MR.ESSA
0:29 Loom
MoncusJBAJ
0:30 Loom
12:23 Feudal Age
[NGR] Uzbek traplord 1947
0:45 Loom
12:30 Feudal Age
Anubis
1:10 Loom
Connection lost

Rejoining the realm…

Still unreachable

The connection could not be restored.

Session expired

The server has moved on; the page needs a fresh start.